 Dungeon Crawl Stone Soup version 0.19.4-9-g45fd643 (webtiles) character file.

5662 Mesmaeker13 the Tainter (level 10, -2/59 HPs)
             Began as a Gargoyle Venom Mage on Feb 18, 2017.
             Killed by the air
             ... invoked by Gastronok
              (26 damage)
             ... on level 10 of the Dungeon.
             The game lasted 00:40:20 (12420 turns).

Mesmaeker13 the Tainter (Gargoyle Venom Mage)      Turns: 12420, Time: 00:40:21

Health: -2/59      AC: 15    Str: 11    XL:     10   Next: 75%
Magic:  5/17       EV: 13    Int: 26    God:
Gold:   409        SH:  0    Dex: 10    Spells: 6 memorised, 3 levels left

rFire  + . .     SeeInvis .     e - +9 staff of Olgreb {rPois}
rCold  . . .     Gourm    .     H - +2 leather armour {rPois}
rNeg   + . .     Faith    .     (no shield)
rPois  ∞         Spirit   .     (no helmet)
rElec  +         Reflect  .     J - +0 cloak {+Inv}
rCorr  +         Harm     .     u - +0 pair of gloves
MR     .....                    R - +0 pair of boots
Stlth  ++........               (no amulet)
                                x - +6 ring of intelligence
                                v - ring of resist corrosion

@: no status effects
A: fire resistance 1, negative energy resistance 1, electricity resistance,
unbreathing, petrification resistance, rot immunity, AC +7
a: Evoke Invisibility


You were on level 10 of the Dungeon.
You were not hungry.

You visited 2 branches of the dungeon, and saw 11 of its levels.

You collected 444 gold pieces.
You spent 35 gold pieces at shops.

Inventory:

Hand Weapons
 e - the +9 staff of Olgreb (weapon) {rPois}
   (You found it on level 5 of the Dungeon)

   It protects you from poison.
Armour
 u - a +0 pair of gloves (worn)
 H - a +2 leather armour of poison resistance (worn)
 J - a +0 cloak of invisibility (worn)
 N - a +1 robe of fire resistance
 R - a +0 pair of boots (worn)
Jewellery
 a - an uncursed ring of protection from fire
 v - a ring of resist corrosion (left hand)
 x - a +6 ring of intelligence (right hand)
Wands
 P - a wand of acid (3/15)
 Q - a wand of disintegration (12/24)
Scrolls
 g - a scroll of amnesia {unknown}
 o - a scroll of recharging
 q - 3 scrolls of enchant weapon
 r - 3 scrolls of remove curse
 t - 2 scrolls of fog {unknown}
 y - 2 scrolls of fear
 z - 4 scrolls of magic mapping
 D - a scroll of immolation {unknown}
 L - 2 scrolls of enchant armour {unknown}
 O - 2 scrolls of blinking {unknown}
Potions
 d - 2 potions of might
 j - 3 potions of heal wounds
 k - a potion of agility {unknown}
 l - 4 potions of curing
 n - 2 potions of ambrosia
 p - 2 potions of berserk rage
 w - 2 potions of magic
 B - a potion of haste {unknown}
 C - 2 potions of mutation
 K - a potion of lignification {unknown}
 M - a potion of degeneration {unknown}
Books
 b - a Young Poisoner's Handbook

   Spells                             Type                      Level
   a - Sting                          Conjuration/Poison           1
   b - Mephitic Cloud                 Conjuration/Poison/Air       3
   c - Olgreb's Toxic Radiance        Poison                       4
   d - Alistair's Intoxication        Transmutation/Poison         5
   e - Venom Bolt                     Conjuration/Poison           5
 h - a book of Minor Magic

   Spells                             Type                      Level
   a - Magic Dart                     Conjuration                  1
   b - Blink                          Translocation                2
   c - Call Imp                       Summoning                    2
   d - Repel Missiles                 Charms/Air                   2
   e - Slow                           Hexes                        2
   f - Conjure Flame                  Conjuration/Fire             3
   g - Mephitic Cloud                 Conjuration/Poison/Air       3
 s - a book of Misfortune

   Spells                             Type                      Level
   a - Confusing Touch                Hexes                        1
   b - Confuse                        Hexes                        3
   c - Gell's Gravitas                Hexes/Translocation          3
   d - Petrify                        Transmutation/Earth          4
   e - Metabolic Englaciation         Hexes/Ice                    5
   f - Yara's Violent Unravelling     Hexes/Transmutation          5
 F - a book of Conjurations

   Spells                             Type                      Level
   a - Magic Dart                     Conjuration                  1
   b - Searing Ray                    Conjuration                  2
   c - Dazzling Spray                 Conjuration/Hexes            3
   d - Fulminant Prism                Conjuration/Hexes            4
   e - Iskenderun's Mystic Blast      Conjuration                  4
   f - Iskenderun's Battlesphere      Conjuration/Charms           5
Comestibles
 c - 10 bread rations
 f - 2 chunks of flesh
 i - 3 royal jellies
 m - 7 meat rations
 A - a beef jerky
 E - 5 fruits


   Skills:
 + Level 5.0 Fighting
 + Level 5.8 Dodging
 - Level 2.1 Stealth
 - Level 5.0 Spellcasting
 + Level 8.6 Conjurations
 - Level 3.0 Air Magic
 + Level 9.6 Poison Magic


You had 3 spell levels left.
You knew the following spells:

 Your Spells              Type           Power        Failure   Level  Hunger
a - Sting                 Conj/Pois      ####         1%          1    None
b - Mephitic Cloud        Conj/Pois/Air  ######..     1%          3    #......
c - Olgreb's Toxic Radia  Pois           ######..     1%          4    ###....
d - Magic Dart            Conj           ####         1%          1    None
e - Slow                  Hex            #.......     17%         2    None
f - Venom Bolt            Conj/Pois      ######....   10%         5    #####..


Dungeon Overview and Level Annotations

Branches:
Dungeon (10/15)            Temple (1/1) D:4
   Lair: D:8-11         Orc: D:9-12

Altars:
Ashenzari
Cheibriados
Dithmenos
Elyvilon
Fedhas
Gozag
Hepliaklqana
Makhleb
Nemelex Xobeh
Okawaru
Qazlal
Ru
Trog
Uskayaw
Yredelemnul
Zin
The Shining One
Jiyva

Shops:
D:5 *

Annotations:
D:5 1 runed door
D:6 Blork the orc
D:9 Felix's ghost, novice MiBe
D:10 Gastronok


Innate Abilities, Weirdness & Mutations

You are resistant to torment.
Your stone body is resilient. (AC +7)
You are immune to poison.
You resist negative energy. (rN+)
You are resistant to electric shocks. (rElec)
You can survive without breathing.
You are immune to petrification.
You are immune to rotting.
Your flesh is heat resistant. (rF+)


Message History

Gastronok is engulfed in noxious fumes.
Gastronok waves his eye-stalks in wide circles.
The air twists around and strikes you!
You hit Gastronok.
Gastronok looks as sick as possible!
Gastronok is heavily wounded.
Press: ? - help, v - describe, . - travel
Here: Gastronok, wearing a glowing hat (noxious fumes, heavily wounded, poisoned)
The floor.
Casting: Venom Bolt
Confirm with . or Enter, or press ? or * to list all spells.
Aiming: Venom Bolt
Press: ? - help, Shift-Dir - straight line, f/p - Gastronok
Aim: Gastronok, wearing a glowing hat (noxious fumes, heavily wounded, poisoned)
You feel a surge of power!
The bolt of poison hits Gastronok.
Gastronok looks as sick as possible!
Gastronok is severely wounded.
Gastronok is engulfed in noxious fumes.
Gastronok waves his eye-stalks in wide circles.
The air twists around and strikes you!
You die...

#.........#
+.........+
#.........#
#.......#
#.....# #...#
#'#
#######§###
#....@w...#
#.#####.#.#
#.......####
#.#.........
#.#.....###.#
.#.#.#...#
.....##..#
.......<.#
###......##


You could see Gastronok.

Vanquished Creatures
  Erica (D:8)
  Joseph (D:7)
  Sigmund (D:5)
  A spriggan (D:7)
  Grum (D:8)
  6 soldier ants (D:5)
  3 water moccasins
  2 black bears
  An ice beast (D:4)
  2 sky beasts
  4 wolves (D:8)
  A phantom (D:4)
  4 centaurs
  5 ogres
  2 bullfrogs
  A water moccasin skeleton (D:8)
  4 scorpions
  6 killer bees (D:5)
  3 crimson imps
  4 hounds
  A jelly (D:5)
  3 bullfrog skeletons
  Crazy Yiuf (D:6)
  2 orc priests
  A centaur skeleton (D:6)
  Ijyb (D:2)
  An iguana (D:4)
  9 worker ants
  A killer bee zombie (D:5)
  A hound zombie (D:5)
  A howler monkey zombie (D:5)
  2 hound skeletons
  5 gnolls
  A worker ant zombie (D:5)
  13 adders
  4 shadow imps
  3 oozes
  An adder skeleton (D:4)
  A worm (D:3)
  4 dart slugs
  2 leopard geckos
  16 orcs
  5 giant cockroaches
  11 hobgoblins
  7 jackals
  2 quokkas
  6 bats
  10 frilled lizards
  5 goblins
  6 kobolds
  8 rats
187 creatures vanquished.

Vanquished Creatures (others)
  A sky beast (D:8)
  An ogre (D:9)
  A big kobold (D:9)
  A scorpion (D:9)
  A hound (D:9)
  An orc wizard (D:9)
  A quokka (D:9)
7 creatures vanquished.

Grand Total: 194 creatures vanquished

Notes
Turn   | Place    | Note
-------+----------+-------------------------------------------
     0 | D:1      | Mesmaeker13 the Gargoyle Venom Mage began the quest for the Orb.
     0 | D:1      | Reached XP level 1. HP: 10/10 MP: 3/3
   242 | D:1      | Reached XP level 2. HP: 12/15 MP: 0/5
   450 | D:1      | Reached XP level 3. HP: 19/19 MP: 1/6
   759 | D:1      | Reached skill level 5 in Poison Magic
   941 | D:2      | Learned a level 3 spell: Mephitic Cloud
  1467 | D:2      | Reached skill level 1 in Conjurations
  1467 | D:2      | Reached XP level 4. HP: 24/24 MP: 3/7
  1513 | D:2      | Found a shattered altar of Ashenzari.
  2210 | D:3      | Reached skill level 1 in Air Magic
  2377 | D:2      | Reached XP level 5. HP: 21/28 MP: 0/8
  2387 | D:2      | Learned a level 4 spell: Olgreb's Toxic Radiance
  2568 | D:3      | Noticed Ijyb
  2601 | D:2      | Killed Ijyb
  2802 | D:3      | Found a sacrificial altar of Ru.
  3463 | D:2      | Reached XP level 6. HP: 13/32 MP: 1/9
  4075 | D:3      | You fall through a shaft!
  4246 | D:4      | Found a staircase to the Ecumenical Temple.
  4262 | Temple   | Entered the Ecumenical Temple
  4376 | D:4      | Noticed a phantom
  4577 | D:4      | Learned a level 1 spell: Magic Dart
  4632 | D:4      | Reached skill level 6 in Poison Magic
  4646 | D:4      | Found a sparkling altar of Nemelex Xobeh.
  4974 | D:4      | Reached XP level 7. HP: 36/36 MP: 2/10
  4986 | D:4      | Found a glowing golden altar of the Shining One.
  5158 | D:5      | Entered Level 5 of the Dungeon
  5676 | D:5      | Found a runed door.
  5942 | D:5      | Found Vukimpof's General Store.
  5945 | D:5      | Bought a potion of mutation for 35 gold pieces
  5945 | D:5      | Gained mutation: Your spells are a little easier to cast, but a little less powerful. [potion of mutation]
  5945 | D:5      | Lost mutation: Your spells are a little easier to cast, but a little less powerful. [potion of mutation]
  5945 | D:5      | Gained mutation: Your flesh is heat resistant. (rF+) [potion of mutation]
  6084 | D:4      | Learned a level 2 spell: Slow
  6380 | D:5      | Noticed a soldier ant
  6380 | D:5      | Noticed a soldier ant
  6380 | D:5      | Noticed a soldier ant
  6381 | D:5      | Found a runed gate.
  6381 | D:5      | Noticed a soldier ant
  6381 | D:5      | Noticed a soldier ant
  6381 | D:5      | Noticed a soldier ant
  6382 | D:5      | Found a runed door.
  6392 | D:5      | Found a runed gate.
  6392 | D:5      | Found a runed gate.
  6524 | D:6      | Found a stormy altar of Qazlal.
  6833 | D:6      | Found a snail-covered altar of Cheibriados.
  6866 | D:6      | Noticed Blork the orc
  6888 | D:6      | Found a hide-covered altar of Uskayaw.
  6993 | D:6      | Found a runed door.
  6997 | D:6      | Noticed Crazy Yiuf
  7003 | D:6      | Killed Crazy Yiuf
  7286 | D:7      | Reached XP level 8. HP: 38/41 MP: 8/12
  7427 | D:7      | Reached skill level 5 in Conjurations
  7432 | D:7      | Noticed Joseph
  7467 | D:5      | Reached skill level 7 in Poison Magic
  7726 | D:5      | Noticed Sigmund
  7732 | D:5      | Killed Sigmund
  8418 | D:4      | Reached XP level 9. HP: 45/45 MP: 6/15
  9197 | D:8      | Reached skill level 8 in Poison Magic
  9204 | D:8      | Learned a level 5 spell: Venom Bolt
  9553 | D:8      | Reached skill level 5 in Spellcasting
  9647 | D:8      | Noticed Grum
  9677 | D:8      | Killed Grum
  9677 | D:8      | Reached skill level 1 in Fighting
 10108 | D:8      | Noticed Erica
 10130 | D:8      | Killed Erica
 10130 | D:8      | Reached skill level 5 in Dodging
 10130 | D:8      | Reached XP level 10. HP: 56/56 MP: 1/17
 10450 | D:8      | Found a faded altar of an unknown god.
 10450 | D:8      | Found a white marble altar of Elyvilon.
 10455 | D:8      | Found a faded altar of an unknown god.
 10459 | D:8      | Found a faded altar of an unknown god.
 10461 | D:8      | Found a faded altar of an unknown god.
 10673 | D:5      | Reached skill level 9 in Poison Magic
 11742 | D:7      | You fall through a shaft for 2 floors!
 11864 | D:7      | Killed Joseph
 12049 | D:7      | Reached skill level 5 in Fighting
 12366 | D:9      | Noticed Felix's ghost (novice MiBe)
 12386 | D:10     | Entered Level 10 of the Dungeon
 12398 | D:10     | Noticed Gastronok
 12420 | D:10     | Killed from afar by Gastronok

Skill      XL: |  1  2  3  4  5  6  7  8  9 10 |
---------------+-------------------------------+-----
Poison Magic   | 5 6 7 8 9 |  9.6
Conjurations   | 1 2 3 4 6 7 8 |  8.6
Air Magic      | 1 2 3 |  3.0
Dodging        | 2 3 5 |  5.8
Spellcasting   | 3 4 5 |  5.0
Fighting       | 3 5 |  5.0
Stealth        | |  2.1

Action                   |  1- 3 |  4- 6 |  7- 9 | 10-12 || total
-------------------------+-------+-------+-------+-------++-------
Melee: Dagger            |    56 |    94 |       |       ||   150
       Staff             |       |    14 |    55 |    54 ||   123
       Quarterstaff      |       |       |   129 |    70 ||   199
 Cast: Sting             |    54 |    92 |   123 |     2 ||   271
       Mephitic Cloud    |       |     7 |    18 |     3 ||    28
       Magic Dart        |       |     9 |    54 |       ||    63
       Slow              |       |       |     4 |     1 ||     5
       Venom Bolt        |       |       |     3 |    10 ||    13
       Olgreb's Toxic Ra |       |       |       |     2 ||     2
Evoke: Wand              |       |       |     6 |     2 ||     8
  Use: Scroll            |       |     7 |     7 |     1 ||    15
       Potion            |       |       |     3 |     2 ||     5
 Stab: Confused          |       |     1 |     1 |     2 ||     4
       Petrified         |       |       |     1 |       ||     1
       Distracted        |       |       |     1 |       ||     1
       Petrifying        |       |       |     1 |       ||     1
  Eat: Chunk             |     3 |    12 |    11 |     6 ||    32
       Bread ration      |       |       |     2 |     1 ||     3
Armor: Robe              |    20 |    53 |    81 |    64 ||   218
       Leather armour    |       |       |       |    16 ||    16
Dodge: Dodged            |    56 |    89 |   151 |   121 ||   417
